 Dungeon Crawl Stone Soup version 0.24-a0-277-g67e6301 (webtiles) character file.

Game seed: 14789176071139357106

144 vorskei the Charmwright (level 5, -2/43 HPs)
             Began as a Gnoll Skald on Apr 28, 2019.
             Was an Initiate of Cheibriados.
             Killed by nerve-wracking pain
             ... invoked by Grinder
              (10 damage)
             ... on level 2 of the Dungeon.
             The game lasted 00:08:56 (2023 turns).

vorskei the Charmwright (Gnoll Skald)               Turns: 2023, Time: 00:08:57

Health: -2/43      AC:  3    Str: 14    XL:     5   Next: 27%
Magic:  5/12       EV: 14    Int: 18    God:    Cheibriados [......]
Gold:   145        SH:  0    Dex: 15    Spells: 3/14 levels left

rFire    . . .     SeeInvis .   a - +0 spear
rCold    . . .     Gourm    .   (no shield)
rNeg     . . .     Faith    .   b - +0 leather armour
rPois    .         Spirit   .   (no helmet)
rElec    .         Reflect  .   (no cloak)
rCorr    .         Harm     .   (no gloves)
MR       .....                  (no boots)
Stlth    ++........             (no amulet)
HPRegen  1.14/turn              (no ring)
MPRegen  0.13/turn              (no ring)

@: shrouded, infused, regenerating (expiring), very slow
A: distributed training, fangs 1, strong nose
a: Bend Time, Renounce Religion


You were on level 2 of the Dungeon.
You worshipped Cheibriados.
Cheibriados was noncommittal.
You were not hungry.

You visited 1 branch of the dungeon, and saw 3 of its levels.

You collected 145 gold pieces.

Inventory:

Hand Weapons
 a - a +0 spear (weapon)
 q - a +3 dagger
Missiles
 e - 99 stones (quivered)
 g - 29 arrows
 l - 13 sling bullets
Armour
 b - a +0 leather armour (worn)
 k - a +0 ring mail
 o - a +0 ring mail
Scrolls
 c - 2 scrolls of amnesia {unknown}
 f - 4 scrolls of identify {unknown}
 h - 4 scrolls of enchant weapon {unknown}
 i - a scroll of fog {unknown}
 j - 4 scrolls of teleportation {unknown}
 n - 2 scrolls of remove curse {unknown}
 r - a scroll of fear {unknown}
 s - a scroll of magic mapping {unknown}
Potions
 m - a potion of might {unknown}
 p - 2 potions of degeneration {unknown}
 t - 2 potions of lignification {unknown}
Comestibles
 d - 7 rations


   Skills:
 + Level 4.7 Fighting
 + Level 1.4 Short Blades
 + Level 1.4 Long Blades
 + Level 1.4 Axes
 + Level 1.4 Maces & Flails
 + Level 4.7 Polearms
 + Level 1.4 Staves
 + Level 1.4 Slings
 + Level 1.4 Bows
 + Level 1.4 Crossbows
 + Level 1.4 Throwing
 + Level 2.9 Armour
 + Level 4.7 Dodging
 + Level 1.4 Stealth
 + Level 1.4 Shields
 + Level 1.4 Unarmed Combat
 + Level 5.1 Spellcasting
 + Level 1.1 Conjurations
 + Level 1.1 Hexes
 + Level 5.5 Charms
 + Level 1.1 Summonings
 + Level 1.1 Necromancy
 + Level 1.1 Translocations
 + Level 1.1 Transmutations
 + Level 1.1 Fire Magic
 + Level 1.1 Ice Magic
 + Level 1.1 Air Magic
 + Level 1.1 Earth Magic
 + Level 1.1 Poison Magic
 + Level 1.5 Invocations
 + Level 1.4 Evocations


You had 3 spell levels left.
You knew the following spells:

 Your Spells              Type           Power        Failure   Level  Hunger
a - Spectral Weapon       Hex/Chrm       ###.....     12%         3    ##.....
e - Infusion              Chrm           ###.         1%          1    None
q - Shroud of Golubria    Chrm/Tloc      ###.......   6%          2    #......
r - Regeneration          Chrm/Necr      ###.......   12%         3    ##.....
w - Song of Slaying       Chrm           ###.....     2%          2    #......

Your spell library contained the following spells:

 Spells                   Type           Power        Failure   Level  Hunger


Dungeon Overview and Level Annotations

Branches:
Dungeon (3/15)

Altars:
Ashenzari
Cheibriados
Fedhas
Okawaru
Qazlal
Uskayaw
Yredelemnul

Annotations:
D:2 Grinder
D:3 2 transporters, Foxy's ghost, amateur DEWz


Innate Abilities, Weirdness & Mutations

Your experience applies equally to all skills.
You have very sharp teeth.
Your uncanny sense of smell can sniff out nearby items.


Message History

Grinder gestures at you. Pain shoots through your body!
You climb upwards.
There is a stone staircase leading down here.
You barely miss Grinder. The adder barely misses you.
Grinder hits you but does no damage. The adder bites you but does no damage.
Casting: Shroud of Golubria (safe; 6% risk of failure)
Confirm with . or Enter, or press ? or * to list all spells.
Your skin crawls.
The adder completely misses you. Grinder hits you!
* * * LOW HITPOINT WARNING * * *
You writhe in agony.
* * * LOW HITPOINT WARNING * * *
Casting: Regeneration (safe; 12% risk of failure)
Confirm with . or Enter, or press ? or * to list all spells.
Space distorts slightly along a thin shroud covering your body.
Your skin is crawling a little less now.
Your shroud bends the adder's attack away.
Grinder gestures at you. Pain shoots through your body!
You die...

..##...#####รท.##
..............#
.####.#.#####.##
.....>.........#
.....#.........##
######..........##
#...........#
######.........S.#
.......########5@##
.....### #...#
......# #...#
......# #...#
......# #...#
......# #...#
......# #)..#
.....## #...#
<...## #...#


You could see Grinder and an adder.

Vanquished Creatures
  Terence (D:2)
  Natasha (D:2)
  3 adders
  A worm (D:2)
  3 dart slugs
  2 leopard geckos
  5 bats
  A giant cockroach (D:1)
  8 goblins
  9 hobgoblins
  3 jackals (D:2)
  A quokka (D:3)
  A frilled lizard (D:3)
  7 kobolds
  12 rats
58 creatures vanquished.

Vanquished Creatures (others)
  2 plants (D:3)
2 creatures vanquished.

Grand Total: 60 creatures vanquished

Notes
Turn   | Place    | Note
-------+----------+-------------------------------------------
     0 | D:1      | vorskei the Gnoll Skald began the quest for the Orb.
     0 | D:1      | Reached XP level 1. HP: 20/20 MP: 6/6
   234 | D:1      | Reached XP level 2. HP: 23/26 MP: 2/7
   333 | D:1      | Learned a level 2 spell: Song of Slaying
   336 | D:1      | Learned a level 2 spell: Shroud of Golubria
   635 | D:2      | Reached skill level 5 in Spellcasting
   635 | D:2      | Reached XP level 3. HP: 30/31 MP: 2/9
   707 | D:2      | Noticed Terence
   727 | D:2      | Killed Terence
   727 | D:2      | Reached skill level 1 in Short Blades
   727 | D:2      | Reached skill level 1 in Long Blades
   727 | D:2      | Reached skill level 1 in Axes
   727 | D:2      | Reached skill level 1 in Maces & Flails
   727 | D:2      | Reached skill level 1 in Staves
   727 | D:2      | Reached skill level 1 in Slings
   727 | D:2      | Reached skill level 1 in Bows
   727 | D:2      | Reached skill level 1 in Crossbows
   727 | D:2      | Reached skill level 1 in Throwing
   727 | D:2      | Reached skill level 1 in Stealth
   727 | D:2      | Reached skill level 1 in Shields
   727 | D:2      | Reached skill level 1 in Unarmed Combat
   727 | D:2      | Reached skill level 1 in Invocations
   727 | D:2      | Reached skill level 1 in Evocations
   727 | D:2      | Reached XP level 4. HP: 38/38 MP: 2/11
  1151 | D:2      | Reached skill level 1 in Conjurations
  1151 | D:2      | Reached skill level 1 in Hexes
  1151 | D:2      | Reached skill level 1 in Summonings
  1151 | D:2      | Reached skill level 1 in Necromancy
  1151 | D:2      | Reached skill level 1 in Translocations
  1151 | D:2      | Reached skill level 1 in Transmutations
  1151 | D:2      | Reached skill level 1 in Fire Magic
  1151 | D:2      | Reached skill level 1 in Ice Magic
  1151 | D:2      | Reached skill level 1 in Air Magic
  1151 | D:2      | Reached skill level 1 in Earth Magic
  1151 | D:2      | Reached skill level 1 in Poison Magic
  1327 | D:2      | Noticed Natasha
  1337 | D:2      | Killed Natasha
  1337 | D:2      | Reached XP level 5. HP: 36/43 MP: 12/12
  1517 | D:3      | Found a stormy altar of Qazlal.
  1522 | D:3      | Found a shattered altar of Ashenzari.
  1528 | D:3      | Found a blossoming altar of Fedhas.
  1528 | D:3      | Found a basalt altar of Yredelemnul.
  1636 | D:3      | Found a snail-covered altar of Cheibriados.
  1639 | D:3      | Found a hide-covered altar of Uskayaw.
  1643 | D:3      | Found an iron altar of Okawaru.
  1652 | D:3      | Became a worshipper of Cheibriados the Contemplative
  1696 | D:3      | Learned a level 3 spell: Regeneration
  1700 | D:3      | Learned a level 3 spell: Spectral Weapon
  1767 | D:3      | Found a transporter.
  1781 | D:3      | Noticed Foxy's ghost (amateur DEWz)
  1863 | D:3      | Found a transporter.
  2010 | D:3      | Noticed Grinder
  2023 | D:2      | Killed from afar by Grinder

Levels and vault maps discovered:
D:1:      dpeg_arrival_chase, layout_basic
D:2:      layout_rooms, first_ration, uniq_natasha, uniq_terence
D:3:      layout_rooms, grunt_temple_overflow_open,
          gammafunk_ghost_gnarly_gnolls, serial_corexii_hall,
          corexii_hall_statues_l, chequers_hall_statues_wall_a,
          serial_bayou_lagoon_a, uniq_grinder

Skill      XL: |  1  2  3  4 |
---------------+-------------+-----
Spellcasting   | 5 |  5.1
Short Blades   | 1 |  1.4
Long Blades    | 1 |  1.4
Axes           | 1 |  1.4
Maces & Flails | 1 |  1.4
Staves         | 1 |  1.4
Slings         | 1 |  1.4
Bows           | 1 |  1.4
Crossbows      | 1 |  1.4
Throwing       | 1 |  1.4
Stealth        | 1 |  1.4
Shields        | 1 |  1.4
Unarmed Combat | 1 |  1.4
Invocations    | 1 |  1.5
Evocations     | 1 |  1.4
Conjurations   | 1 |  1.1
Hexes          | 1 |  1.1
Summonings     | 1 |  1.1
Necromancy     | 1 |  1.1
Translocations | 1 |  1.1
Transmutations | 1 |  1.1
Fire Magic     | 1 |  1.1
Ice Magic      | 1 |  1.1
Air Magic      | 1 |  1.1
Earth Magic    | 1 |  1.1
Poison Magic   | 1 |  1.1
Fighting       | |  4.7
Polearms       | |  4.7
Armour         | |  2.9
Dodging        | |  4.7
Charms         | |  5.5

Action                   |  1- 3 |  4- 6 || total
-------------------------+-------+-------++-------
Melee: Spear             |    86 |   123 ||   209
       Bite              |     4 |    11 ||    15
       Punch             |     1 |     1 ||     2
 Cast: Infusion          |     6 |     7 ||    13
       Shroud of Golubri |     1 |     6 ||     7
       Regeneration      |       |     1 ||     1
  Eat: Chunk             |       |     4 ||     4
Armor: Leather armour    |    18 |    48 ||    66
Dodge: Dodged            |    61 |   107 ||   168

Table legend:
 A = Non-vault XP
 B = Vault XP
 C = Vault XP percentage of total XP
 D = Non-vault monster count
 E = Vault monster count
 F = Vault count percentage of total count
                 A         B        C        D         E       F
            +---------+---------+-------+---------+---------+-------
      Total |     136 |      71 |  34.3 |      56 |       2 |   3.4
            +---------+---------+-------+---------+---------+-------
        D:1 |      27 |       0 |   0.0 |      16 |       0 |   0.0
        D:2 |      77 |      71 |  48.0 |      26 |       2 |   7.1
        D:3 |      32 |       0 |   0.0 |      14 |       0 |   0.0
            +---------+---------+-------+---------+---------+-------
